 Dungeon Crawl Stone Soup version 0.29.1-15-g9cfb28693d (webtiles) character file.

Game seed: 2739337109540133543

2 leafyfresh the Sneak (level 1, 0/16 HPs)
             Began as an Octopode Delver on Mar 4, 2023.
             Slain by an ogre
             ... wielding a +0 giant club
              (16 damage)
             ... on level 5 of the Dungeon.
             The game lasted 00:00:17 (41 turns).

leafyfresh the Sneak (Octopode Delver)                Turns: 41, Time: 00:00:17

Health: 0/16       AC:  1    Str: 11    XL:     1   Next: 30%
Magic:  1/1        EV: 13    Int: 12    God:
Gold:   0          SH:  0    Dex: 13    Spells: 0/0 levels left

rFire   . . .      SeeInvis .   a - +0 short sword
rCold   . . .      Faith    .   (no shield)
rNeg    . . .      Spirit   .   (helmet restricted)
rPois   .          Reflect  .   (no amulet)
rElec   .          Harm     .   (no ring)
rCorr   .          Rampage  .   (no ring)
Will    .....                   (no ring)
Stlth   ++++......              (no ring)
HPRegen 0.05/turn               (no ring)
MPRegen 0.07/turn               (no ring)
                                (no ring)
                                (no ring)

@: no status effects
A: almost no armour, amphibious, 8 rings, camouflage 1, gelatinous body 1,
(nimble swimmer 1), tentacles
a: no special abilities


You were on level 5 of the Dungeon.
You visited 1 branch of the dungeon, and saw 1 of its levels.

Inventory:

Hand Weapons
 a - a +0 short sword (weapon)
Armour
 g - a scarf of repulsion
Wands
 f - a wand of digging (3)
Scrolls
 b - a scroll of fog
 c - a scroll of magic mapping
 d - a scroll of fear
Potions
 e - a potion of haste


   Skills:
 + Level 3.0 Fighting
 - Level 2.0 Short Blades
 + Level 2.0 Dodging
 + Level 6.6 Stealth


You couldn't memorise any spells.
You didn't know any spells.
Your spell library was empty.

Dungeon Overview and Level Annotations

Branches:
Dungeon (5/15)
 Temple: D:4-7

Altars:
Zin


Innate Abilities, Weirdness & Mutations

You cannot wear most types of armour.
You are amphibious.
You can wear up to eight rings at the same time.
Your skin changes colour to match your surroundings (Stealth+).
Your rubbery body absorbs attacks. (AC +1, EV +1)
((You are camouflaged when in or above water. (Stealth+)))
You have tentacles for arms and can constrict up to eight enemies at once.


Message History

Welcome, leafyfresh the Octopode Delver.
Are you destined to find the wondrous Orb of Zot, or to die trying?
Press ? for a list of commands and other information.
Found a runed scarf.
Found a stone staircase leading down.
You see here a scarf of repulsion.
g - a scarf of repulsion An orc comes into view.
It is wielding a +0 club.
Found a mace.
An orc is nearby!
An orc is nearby!
The helpless orc fails to defend itself.
You puncture the orc!
You kill the orc!
No target in view!
Found a robe.
Things that are here:
a +0 club; a +0 leather armour No target in view!
Found a stone staircase leading down.
No target in view!
Found a glowing silver altar of Zin.
An ogre comes into view. It is wielding a +0 giant club.
There is a glowing silver altar of Zin here.
You see here a scroll labelled BYCSAL MIREOC.
The helpless ogre fails to defend itself.
You puncture the ogre!
The ogre is heavily wounded.
The ogre barely misses you.
You hit the ogre.
The ogre is severely wounded.
You hit the ogre.
The ogre is almost dead.
The ogre hits you with a +0 giant club!
Ouch! That really hurt!
You die...

........ .# .....!...
.# ........#####.#
........##.. .#
..........##.# .#
..........##.# .#
.......#.#..##.####
###.###.._..?.@....#
........#.##...O...#
..........##.........#
........####.........#
.........# #.......#.#
##.>####.#####..#### .
# #. #.......[# ##..
###..##..# #..####
####...#..#####


You could see an ogre.

Vanquished Creatures
  An orc (D:5)
1 creature vanquished.

Notes
Turn   | Place    | Note
-------+----------+-------------------------------------------
     0 | D:5      | leafyfresh the Octopode Delver began the quest for the Orb.
     0 | D:5      | Reached XP level 1. HP: 16/16 MP: 1/1
    29 | D:5      | Found a glowing silver altar of Zin.
    33 | D:5      | Noticed an ogre
    41 | D:5      | Slain by an ogre

Illustrated notes

Levels and vault maps discovered:
D:5:      cheibrodos_quashed, layout_rooms, amethyst_overflow_temple_binary,
          lemuel_crystal_altar

Action                   || total
-------------------------++-------
Melee: Short sword       ||     4
 Stab: Sleeping          ||     2
Dodge: Dodged            ||     1
